 Dungeon Crawl Stone Soup version 0.31-a0-233-g139696dc86 (webtiles) character file.

Game seed: 4341957423766337311

88 zazu2006 the Blocker (level 4, -1/38 HPs)
             Began as a Gnoll Wanderer on July 9, 2023.
             Slain by a cerulean imp
             ... wielding a +1 spear
             ... summoned by Natasha
              (6 damage)
             ... on level 2 of the Dungeon.
             The game lasted 00:03:40 (1270 turns).

zazu2006 the Blocker (Gnoll Wanderer)               Turns: 1270, Time: 00:03:41

Health: -1/38      AC:  6    Str: 10    XL:     4   Next: 53%
Magic:  6/6        EV: 14    Int:  8    God:
Gold:   35         SH:  7    Dex: 18    Spells: 5/5 levels left

rFire   . . .        h - +0 short sword
rCold   . . .        f - +0 buckler {AC+3}
rNeg    . . .        e - +0 robe
rPois   .            (no helmet)
rElec   .            (no cloak)
rCorr   .            (no gloves)
SInv    .            c - +0 pair of boots
Will    .....        (no amulet)
Stlth   ++           (no ring)
HPRegen 0.26/turn    (no ring)
MPRegen 0.10/turn

%: no passive effects
@: slowed, very slow
A: fangs 1, strong nose, distributed training
a: no special abilities


You were on level 2 of the Dungeon.
You visited 1 branch of the dungeon, and saw 2 of its levels.

You collected 35 gold pieces.

Inventory:

Hand Weapons
 a - a +0 dagger
 h - a +0 short sword (weapon)
Armour
 c - a +0 pair of boots (worn)
 e - a +0 robe (worn)
 f - a +0 buckler of protection (worn)
Magical Staves
 g - a staff of cold
Scrolls
 b - 2 scrolls of fog
 i - a scroll of identify {unknown}
 j - a scroll of immolation {unknown}
 l - a scroll of acquirement {unknown}
Potions
 d - a potion of attraction
 m - a potion of resistance {unknown}


   Skills:
 + Level 4.7 Fighting
 + Level 1.2 Short Blades
 + Level 1.2 Long Blades
 + Level 1.2 Axes
 + Level 1.2 Maces & Flails
 + Level 1.2 Polearms
 + Level 1.2 Staves
 + Level 1.2 Ranged Weapons
 + Level 1.2 Throwing
 + Level 1.2 Armour
 + Level 4.7 Dodging
 + Level 1.2 Stealth
 + Level 8.6 Shields
 + Level 1.2 Unarmed Combat
 + Level 1.2 Spellcasting
 + Level 1.0 Conjurations
 + Level 1.0 Hexes
 + Level 1.0 Summonings
 + Level 1.0 Necromancy
 + Level 1.0 Translocations
 + Level 1.0 Transmutations
 + Level 1.0 Fire Magic
 + Level 1.0 Ice Magic
 + Level 1.0 Air Magic
 + Level 1.0 Earth Magic
 + Level 1.0 Poison Magic
 + Level 2.9 Invocations
 + Level 2.8 Evocations


You had 5 spell levels left.
You didn't know any spells.
Your spell library was empty.

Dungeon Overview and Level Annotations

Branches:
Dungeon (2/15)

Altars:

Shops:
D:1 *

Annotations:
D:2 Natasha


Innate Abilities, Weirdness & Mutations

You have very sharp teeth.
Your uncanny sense of smell can sniff out nearby items.
Your experience applies equally to all skills.


Message History

Natasha is moderately wounded.
Natasha casts a spell.
The cerulean imp hits you from afar with a +2 spear.
Natasha claws you.
You hit Natasha.
Natasha is heavily wounded.
The cerulean imp hits you from afar with a +2 spear.
The cerulean imp hits you but does no damage.
Natasha claws you but does no damage. You block the cerulean imp's attack.
You barely miss Natasha. Your bite misses Natasha.
Natasha is heavily wounded.
Natasha casts a spell.
You block the cerulean imp's attack. x2
You hit Natasha.
Natasha is severely wounded.
The cerulean imp disappears in a puff of smoke!
You block the cerulean imp's attack.
Natasha mumbles some strange words.
The cerulean imp closely misses you. Natasha barely misses you.
The cerulean imp hits you with a +1 spear.
Unknown command.
You closely miss Natasha.
Natasha is severely wounded.
The cerulean imp hits you with a +1 spear.
The cerulean imp closely misses you. Natasha completely misses you.
You block the cerulean imp's attack.
The cerulean imp hits you with a +1 spear.
* * * LOW HITPOINT WARNING * * *
Unknown command.
You hit Natasha but do no damage.
Natasha is severely wounded.
You block the cerulean imp's attack. Natasha casts a spell at you.
You feel as though you will be slow longer.
The cerulean imp barely misses you.
The cerulean imp hits you but does no damage.
The cerulean imp barely misses you. Natasha claws you.
* * * LOW HITPOINT WARNING * * *
The cerulean imp hits you from afar with a +1 spear.
You die...

#############............
#.............
#............. ##########
#.............
.........###.............
########.>...............
#...#............. #
##........5....... #
##.##.##@.5##.... ....
#..#...#h5.# #### ####
...5..#...#.# .....#$
.#..... ......##.##.....#
..... .. ......# ###.....
.. ....### #........ ..
....# ..#.....


You could see Natasha and 3 cerulean imps.

Vanquished Creatures
  Terence (D:1)
  2 adders (D:2)
  A gnoll (D:1)
  A dart slug (D:2)
  4 endoplasms
  A giant cockroach (D:2)
  2 goblins (D:1)
  2 hobgoblins (D:1)
  A quokka (D:1)
  8 ball pythons
  3 bats (D:1)
  A frilled lizard (D:1)
  4 kobolds
  2 rats (D:1)
33 creatures vanquished.

Notes
Turn   | Place    | Note
-------+----------+-------------------------------------------
     0 | D:1      | zazu2006 the Gnoll Wanderer began the quest for the Orb.
     0 | D:1      | zazu2006 set off with the following items: a +0 dagger, a
                  | scroll of fog, a +0 pair of boots, a potion of attraction,
                  | a +0 robe, a +0 buckler of protection.
     0 | D:1      | Reached XP level 1. HP: 20/20 MP: 2/2
    54 | D:1      | Found Cafez's Assorted Antiques.
   272 | D:1      | Reached XP level 2. HP: 22/26 MP: 3/3
   435 | D:1      | Reached XP level 3. HP: 29/31 MP: 4/4
   859 | D:2      | Noticed Terence
   941 | D:1      | Killed Terence
   942 | D:1      | Reached skill level 1 in Short Blades
   942 | D:1      | Reached skill level 1 in Long Blades
   942 | D:1      | Reached skill level 1 in Axes
   942 | D:1      | Reached skill level 1 in Maces & Flails
   942 | D:1      | Reached skill level 1 in Polearms
   942 | D:1      | Reached skill level 1 in Staves
   942 | D:1      | Reached skill level 1 in Ranged Weapons
   942 | D:1      | Reached skill level 1 in Throwing
   942 | D:1      | Reached skill level 1 in Armour
   942 | D:1      | Reached skill level 1 in Stealth
   942 | D:1      | Reached skill level 1 in Unarmed Combat
   942 | D:1      | Reached skill level 1 in Spellcasting
   942 | D:1      | Reached XP level 4. HP: 4/38 MP: 6/6
  1151 | D:2      | Noticed Natasha
  1199 | D:2      | Reached skill level 1 in Conjurations
  1199 | D:2      | Reached skill level 1 in Hexes
  1199 | D:2      | Reached skill level 1 in Summonings
  1199 | D:2      | Reached skill level 1 in Necromancy
  1199 | D:2      | Reached skill level 1 in Translocations
  1199 | D:2      | Reached skill level 1 in Transmutations
  1199 | D:2      | Reached skill level 1 in Fire Magic
  1199 | D:2      | Reached skill level 1 in Ice Magic
  1199 | D:2      | Reached skill level 1 in Air Magic
  1199 | D:2      | Reached skill level 1 in Earth Magic
  1199 | D:2      | Reached skill level 1 in Poison Magic
  1270 | D:2      | Slain by a cerulean imp

Illustrated notes

Levels and vault maps discovered:
D:1:      lightli_iron_boxes, layout_basic, serial_shops, nicolae_shop_trees
D:2:      layout_rooms, minmay_tromino_v4_b, uniq_natasha, uniq_terence

Skill      XL: |  1  2  3  4 |
---------------+-------------+-----
Short Blades   | 1 |  1.2
Long Blades    | 1 |  1.2
Axes           | 1 |  1.2
Maces & Flails | 1 |  1.2
Polearms       | 1 |  1.2
Staves         | 1 |  1.2
Ranged Weapons | 1 |  1.2
Throwing       | 1 |  1.2
Armour         | 1 |  1.2
Stealth        | 1 |  1.2
Unarmed Combat | 1 |  1.2
Spellcasting   | 1 |  1.2
Conjurations   | 1 |  1.0
Hexes          | 1 |  1.0
Summonings     | 1 |  1.0
Necromancy     | 1 |  1.0
Translocations | 1 |  1.0
Transmutations | 1 |  1.0
Fire Magic     | 1 |  1.0
Ice Magic      | 1 |  1.0
Air Magic      | 1 |  1.0
Earth Magic    | 1 |  1.0
Poison Magic   | 1 |  1.0
Fighting       | |  4.7
Dodging        | |  4.7
Shields        | |  8.6
Invocations    | |  2.9
Evocations     | |  2.8

Action                     |  1- 3 |  4- 6 || total
---------------------------+-------+-------++-------
  Melee: Staff             |   124 |       ||   124
         Dagger            |    69 |       ||    69
         Bite              |    19 |     7 ||    26
         Short sword       |       |    65 ||    65
    Use: Potion            |     1 |     1 ||     2
   Stab: Sleeping          |     3 |       ||     3
 Armour: Robe              |    48 |    21 ||    69
  Dodge: Dodged            |   105 |    37 ||   142
  Block: Buckler           |    56 |    28 ||    84

Table legend: (Time is in decaauts)
 A = Elapsed time spent in this place.
 B = Non-inter-level travel time spent in this place.
 C = Inter-level travel time spent in this place.
 D = Time resting spent in this place.
 E = Time spent auto-exploring this place.
 F = Levels seen in this place.
 G = Mean time per level.
                   A        B        C        D        E       F      G
               +--------+--------+--------+--------+--------+-----+--------+
         Total |   1302 |   1272 |     30 |    130 |    601 |   2 |  651.0 |
       Dungeon |   1302 |   1272 |     30 |    130 |    601 |   2 |  651.0 |
               +--------+--------+--------+--------+--------+-----+--------+

Top non-repeatable levels by time:
     D:1: 1058 daAuts
     D:2: 243 daAuts
